 Dungeon Crawl Stone Soup version 0.29.1-12-g30fa7ad0bf (webtiles) character file.

Game seed: 8649593800703463522

266 hawla the Firebug (level 6, -13/45 HPs)
             Began as a Meteoran Fire Elementalist on Dec 14, 2022.
             Mangled by Edmund
             ... wielding a +4 flail of protection
              (15 damage)
             ... on level 4 of the Dungeon.
             The game lasted 00:02:42 (447 turns).

hawla the Firebug (Meteoran Fire Elementalist)       Turns: 447, Time: 00:02:42

Health: -13/45     AC:  2    Str: 10    XL:     6   Next: 73%
Magic:  2/12       EV: 13    Int: 18    God:
Gold:   37         SH:  0    Dex: 15    Spells: 5/12 levels left

rFire   . . .      SeeInvis .   (no weapon)
rCold   . . .      Faith    .   (no shield)
rNeg    . . .      Spirit   .   a - +0 robe
rPois   .          Reflect  .   (no helmet)
rElec   .          Harm     .   (no cloak)
rCorr   .          Rampage  .   (no gloves)
Will    .....                   (no boots)
Stlth   +.........              (no amulet)
HPRegen 0.15/turn               (no ring)
MPRegen 0.13/turn               (no ring)

@: mighty, glowing
A: sense surroundings 1, otherworldly, glowing, explore regen
a: no special abilities


You were on level 4 of the Dungeon.
You visited 1 branch of the dungeon, and saw 4 of its levels.

You collected 37 gold pieces.

Inventory:

Armour
 a - a +0 robe (worn)


   Skills:
 - Level 0.1 Fighting
 - Level 3.1 Dodging
 - Level 1.4 Stealth
 - Level 3.9 Spellcasting
 + Level 4.9 Conjurations
 - Level 5.3 Fire Magic


You had 5 spell levels left.
You knew the following spells:

 Your Spells              Type           Power      Damage    Failure   Level
a - Foxfire               Conj/Fire      88%        2x1d8     1%          1
b - Scorch                Fire           44%        2d7       2%          2
c - Flame Wave            Conj/Fire      22%        2d8       19%         4

Your spell library contained the following spells:

 Spells                   Type           Power      Damage    Failure   Level
 Conjure Flame            Conj/Fire      22%        6-21      5%          3
 Inner Flame              Hex/Fire       13%        N/A       16%         3


Dungeon Overview and Level Annotations

Branches:
Dungeon (4/15) Zot: 1952
 Temple: D:4-7

Altars:

Shops:
D:4 (

Annotations:
D:4 Edmund


Innate Abilities, Weirdness & Mutations

You passively map a small area around you.
You are easily found by Zot.
You glow in the dark.
You regain HP and MP as you explore.


Message History

You conjure some foxfire!
The foxfire hits Edmund but does no damage.
Casting: Foxfire (safe; 1% risk of failure)
Confirm with . or Enter, or press ? or * to list all spells.
You conjure some foxfire!
The foxfire hits Edmund but does no damage.
The foxfire hits Edmund.
Edmund is lightly wounded.
The foxfire hits Edmund but does no damage.
Edmund is lightly wounded.
Casting: Foxfire (safe; 1% risk of failure)
Confirm with . or Enter, or press ? or * to list all spells.
Flames lash Edmund but do no damage.
The foxfire hits Edmund but does no damage.
Edmund is lightly wounded.
The foxfire hits Edmund.
Edmund is lightly wounded.
Casting: Scorch (safe; 2% risk of failure)
Confirm with . or Enter, or press ? or * to list all spells.
Flames lash Edmund but do no damage.
As you read the scroll labelled IDDAOM NUNNIHI, it crumbles to dust.
You hear a loud clanging noise!
It was a scroll of noise.
Edmund hits you with a +4 flail of protection!
As you read the scroll labelled BAFYMI BUOCOTO, it crumbles to dust.
It is a scroll of amnesia.
Really abort (and waste the scroll)?
Uppercase [Y]es or [N]o only, please.
Really abort (and waste the scroll)?
Okay, then.
Edmund hits you with a +4 flail of protection!
Edmund attacks as you move away!
Edmund hits you with a +4 flail of protection!
Edmund attacks as you move away!
Edmund hits you with a +4 flail of protection!
* * * LOW HITPOINT WARNING * * *
It was a potion of might.
You feel very mighty all of a sudden.
Edmund hits you with a +4 flail of protection!
You die...

, ,....... ........###
........#..,, ........#.# , ,
........#.# * ........#.# .#
........#.###########.##
,..........@@............. *
........#.#.................
*,........#.#..............)..
#..>....#.#...............$)
#.#...#.......∩............. *
#,#.#.###.#................. ,
#... ...#.................
,#.. #####..............$..
#.# #.......†.........


You could see Edmund.

Vanquished Creatures
  A phantom (D:4)
  2 scorpions (D:4)
  A jelly (D:4)
  3 adders
  2 dart slugs
  3 endoplasms (D:4)
  2 giant cockroaches
  A goblin (D:4)
  A hobgoblin (D:4)
  A ball python (D:2)
  A frilled lizard (D:3)
  A kobold (D:4)
  A rat (D:3)
20 creatures vanquished.

Vanquished Creatures (others)
  54 foxfires
54 creatures vanquished.

Grand Total: 74 creatures vanquished

Notes
Turn   | Place    | Note
-------+----------+-------------------------------------------
     0 | D:1      | hawla the Meteoran Fire Elementalist began the quest for
                  | the Orb.
     0 | D:1      | Reached XP level 1. HP: 14/14 MP: 5/5
    83 | D:1      | Found a faded altar of an unknown god.
   156 | D:3      | Reached skill level 4 in Fire Magic
   156 | D:3      | Reached XP level 2. HP: 10/20 MP: 1/7
   159 | D:3      | Learned a level 2 spell: Scorch
   367 | D:4      | Noticed a phantom
   372 | D:4      | Reached XP level 3. HP: 26/26 MP: 2/8
   378 | D:4      | Killed a phantom
   379 | D:4      | Reached skill level 5 in Fire Magic
   379 | D:4      | Reached XP level 4. HP: 33/33 MP: 6/10
   379 | D:4      | Reached XP level 5. HP: 38/38 MP: 6/11
   390 | D:4      | Learned a level 4 spell: Flame Wave
   399 | D:4      | Found Maveun's Weapon Emporium.
   404 | D:4      | Reached XP level 6. HP: 45/45 MP: 6/12
   434 | D:4      | Noticed Edmund
   445 | D:4      | HP: 2/45 [Edmund/+4 flail of protection (12)]
   447 | D:4      | Mangled by Edmund

Illustrated notes

Levels and vault maps discovered:
D:1:      spicycebolla_arrival_clurvy, layout_loops_ring,
          dreamdust_ecumenical_altar_statues, serial_forest,
          infiniplex_forest_corner_1, infiniplex_forest_end_1,
          infiniplex_forest_straight_2, infiniplex_forest_corner_1,
          infiniplex_forest_clump_tiny
D:2:      layout_basic, uniq_robin
D:3:      layout_loops_corners, uniq_jessica, uniq_natasha
D:4:      layout_basic, nicolae_uskayaw_dance_hall, serial_shops, shop,
          shop_fountains, shop, uniq_edmund

Skill      XL: |  1  2  3  4  5  6 |
---------------+-------------------+-----
Spellcasting   | 3 |  3.9
Fire Magic     | 4 5 |  5.3
Dodging        | 3 |  3.1
Conjurations   | 3 4 |  4.9
Fighting       | |  0.1
Stealth        | |  1.4

Action                   |  1- 3 |  4- 6 || total
-------------------------+-------+-------++-------
Melee: Unarmed           |     6 |       ||     6
 Cast: Foxfire           |    16 |    16 ||    32
       Scorch            |     4 |     6 ||    10
  Use: Scroll            |     1 |     2 ||     3
       Potion            |     1 |     1 ||     2
Armor: Robe              |     2 |       ||     2
Dodge: Dodged            |     6 |       ||     6
